MID
AUGUSTA GREENJACKETS @ HAGERSTOWN SUNS
07/28/2045
 
TOP OF THE 1ST
Augusta GreenJackets batting - Pitching for Hagerstown Suns : RHP Bastien Perrini
Pitching: RHP Bastien Perrini
Batting: LHB J.P. Olson 0-0: Swinging Strike
0-1: SINGLE (Groundball, 3D, EV 97.5 MPH)
Batting: RHB Adam Solesbee 0-0: Ball
1-0: SINGLE (Flyball, 4MD, EV 97.5 MPH)
J.P. Olson to second
Batting: LHB Jared Paige 0-0: Swinging Strike
0-1: Ball
1-1: Called Strike
1-2: Foul Ball, location: 2F
1-2: Ball
2-2: Strikes out swinging
Batting: RHB Davey Beeson 0-0: Ball
1-0: Swinging Strike
1-1: Ball
2-1: Foul Ball, location: 2F
2-2: Ball
3-2: Foul Ball, location: 2F
3-2: Base on Balls
J.P. Olson to third
Adam Solesbee to second
Batting: LHB Gil Caraveo 0-0: Ball
1-0: Ball
2-0: Swinging Strike
2-1: Ball
3-1: Foul Ball, location: 2F
3-2: Base on Balls
J.P. Olson scores
Adam Solesbee to third
Davey Beeson to second
Batting: RHB Juan Flores 0-0: Ball
1-0: Ball
2-0: Ball
3-0: Called Strike
3-1: Called Strike
3-2: Fielders Choice at 2nd, 6-4 (Groundball, 6, EV 88.1 MPH)
Adam Solesbee scores
Davey Beeson to third
Batting: RHB Devin Lowery 0-0: Called Strike
0-1: Ball
1-1: Ball
2-1: Ball
Passed Ball!
Davey Beeson scores
Juan Flores to second
3-1: Base on Balls
Batting: RHB Micah McErlean 0-0: Foul Ball, location: 2F
0-1: SINGLE (Line Drive, 89M, EV 100.6 MPH)
Juan Flores to third
Devin Lowery to second
Batting: RHB Ryan Johnston 0-0: SINGLE (Groundball, 6MD, EV 95.0 MPH)
Juan Flores scores
Devin Lowery to third
Micah McErlean to second
Runner from 3rd tries for Home, throw by CF and OUT! 8-2
Top of the 1st over - 4 runs, 4 hits, 0 errors, 2 left on base; Augusta 4 - Hagerstown 0
BOTTOM OF THE 1ST
Hagerstown Suns batting - Pitching for Augusta GreenJackets : RHP Josh Harriston
Pitching: RHP Josh Harriston
Batting: RHB Marcus Dawson 0-0: Called Strike
0-1: Foul Ball, location: 2F
0-2: Strikes out swinging
Batting: LHB Chance McWilliams 0-0: Ball
1-0: Ground out U3 (Groundball, 34, EV 108.8 MPH)
Batting: RHB Jim Miske 0-0: Called Strike
0-1: Fly out, F9 (Line Drive, 9, EV 91.9 MPH)
Bottom of the 1st over - 0 runs, 0 hits, 0 errors, 0 left on base; Augusta 4 - Hagerstown 0
TOP OF THE 2ND
Augusta GreenJackets batting - Pitching for Hagerstown Suns : RHP Bastien Perrini
Batting: LHB J.P. Olson 0-0: Foul Ball, location: 2F
0-1: Ball
1-1: Ball
2-1: SINGLE (Groundball, 13S, EV 70.6 MPH) (infield hit)
Batting: RHB Adam Solesbee 0-0: Called Strike
0-1: Ball
1-1: Ball
2-1: Ball
J.P. Olson is caught stealing 2nd base 2-4
3-1: Base on Balls
Batting: LHB Jared Paige 0-0: Ball
1-0: Foul Ball, location: 2F
1-1: Swinging Strike
1-2: Strikes out swinging
Batting: RHB Davey Beeson 0-0: Called Strike
0-1: Ball
1-1: Ball
2-1: Fly out, F9 (Flyball, 9D, EV 95.6 MPH)
Top of the 2nd over - 0 runs, 1 hit, 0 errors, 1 left on base; Augusta 4 - Hagerstown 0
BOTTOM OF THE 2ND
Hagerstown Suns batting - Pitching for Augusta GreenJackets : RHP Josh Harriston
Batting: RHB Slavik Nebrodov 0-0: Ball
1-0: Foul Ball, location: 2F
1-1: Ball
2-1: Foul Ball, location: 2F
2-2: Ball
3-2: Strikes out looking
Batting: LHB Elias Posada 0-0: Swinging Strike
0-1: Called Strike
0-2: Strikes out swinging
Batting: RHB Naofumi Ishida 0-0: Called Strike
0-1: Ball
1-1: Ball
2-1: Ball
3-1: Base on Balls
Batting: LHB Adam Jacobs 0-0: Ball
1-0: Ball
2-0: Ball
3-0: Base on Balls
Naofumi Ishida to second
Batting: SHB Alex Medina 0-0: Called Strike
0-1: Foul Ball, location: 2F
0-2: Strikes out swinging
Bottom of the 2nd over - 0 runs, 0 hits, 0 errors, 2 left on base; Augusta 4 - Hagerstown 0
TOP OF THE 3RD
Augusta GreenJackets batting - Pitching for Hagerstown Suns : RHP Bastien Perrini
Batting: LHB Gil Caraveo 0-0: Ball
1-0: Ball
2-0: Fly out, F9 (Flyball, 9S, EV 88.8 MPH)
Batting: RHB Juan Flores 0-0: Foul Ball, location: 2F
0-1: Swinging Strike
0-2: Strikes out looking
Batting: RHB Devin Lowery 0-0: Called Strike
0-1: Ball
1-1: Foul Ball, location: 2F
1-2: Strikes out swinging
Top of the 3rd over - 0 runs, 0 hits, 0 errors, 0 left on base; Augusta 4 - Hagerstown 0
BOTTOM OF THE 3RD
Hagerstown Suns batting - Pitching for Augusta GreenJackets : RHP Josh Harriston
Batting: RHB Scott Skoglund 0-0: Called Strike
0-1: Foul Ball, location: 2F
0-2: Strikes out swinging
Batting: RHB Marcus Dawson 0-0: Called Strike
0-1: Ball
1-1: Called Strike
1-2: Ball
2-2: Ball
3-2: Base on Balls
Batting: LHB Chance McWilliams 0-0: Called Strike
Marcus Dawson steals 2nd base
0-1: Ball
1-1: Swinging Strike
1-2: Ball
2-2: SINGLE (Line Drive, 5D, EV 107.5 MPH)
Marcus Dawson to third
Runner from 3rd tries for Home, SAFE, throw by LF to home
Batting: RHB Jim Miske 0-0: Called Strike
0-1: Fielders Choice at 2nd, 5-4 (Groundball, 56, EV 76.9 MPH)
Batting: RHB Slavik Nebrodov 0-0: Called Strike
0-1: Ball
1-1: Foul Ball, location: 2F
1-2: Ground out 6-3 (Groundball, 6MS, EV 70.0 MPH)
Bottom of the 3rd over - 1 run, 1 hit, 0 errors, 1 left on base; Augusta 4 - Hagerstown 1
TOP OF THE 4TH
Augusta GreenJackets batting - Pitching for Hagerstown Suns : RHP Bastien Perrini
Batting: RHB Micah McErlean 0-0: Ball
1-0: Ball
2-0: Foul Ball, location: 2F
2-1: Swinging Strike
2-2: Ball
3-2: Base on Balls
Batting: RHB Ryan Johnston 0-0: Ball
1-0: Ball
2-0: Ball
3-0: Called Strike
3-1: Base on Balls
Micah McErlean to second
Batting: LHB J.P. Olson 0-0: Called Strike
0-1: Foul Ball, location: 2F
0-2: Ball
1-2: Ball
2-2: Fly out, F9 (Flyball, 9, EV 80.6 MPH)
Batting: RHB Adam Solesbee 0-0: Called Strike
0-1: Foul Ball, location: 2F
0-2: Ball
1-2: Ball
2-2: Ball
3-2: Fielders Choice at 2nd, 3-6 (Groundball, 34, EV 104.4 MPH)
Micah McErlean to third
Batting: LHB Jared Paige 0-0: Called Strike
0-1: Ball
1-1: Fly out, F7 (Flyball, 7LD, EV 96.2 MPH)
Top of the 4th over - 0 runs, 0 hits, 0 errors, 2 left on base; Augusta 4 - Hagerstown 1
BOTTOM OF THE 4TH
Hagerstown Suns batting - Pitching for Augusta GreenJackets : RHP Josh Harriston
Batting: LHB Elias Posada 0-0: Called Strike
0-1: Called Strike
0-2: Ground out U3 (Groundball, 23, EV 86.2 MPH)
Batting: RHB Naofumi Ishida 0-0: Foul Ball, location: 2F
0-1: Ball
1-1: Foul Ball, location: 2F
1-2: Ball
2-2: Ground out 4-3 (Groundball, 4, EV 100.6 MPH)
Batting: LHB Adam Jacobs 0-0: Called Strike
0-1: Foul Ball, location: 2F
0-2: Reached on error, E1 (Groundball, P, EV 71.2 MPH)
Batting: SHB Alex Medina 0-0: Called Strike
0-1: Called Strike
0-2: Ball
1-2: Ground out U3 (Groundball, 34S, EV 88.1 MPH)
Bottom of the 4th over - 0 runs, 0 hits, 1 error, 1 left on base; Augusta 4 - Hagerstown 1
TOP OF THE 5TH
Augusta GreenJackets batting - Pitching for Hagerstown Suns : RHP Bastien Perrini
Batting: RHB Davey Beeson 0-0: SOLO HOME RUN (Flyball, 7D, EV 97.5 MPH), Distance : 373 ft
Batting: LHB Gil Caraveo 0-0: Ball
1-0: Swinging Strike
1-1: Called Strike
1-2: Fly out, F7 (Flyball, 7, EV 94.4 MPH)
Batting: RHB Juan Flores 0-0: Called Strike
0-1: Ball
1-1: Ball
2-1: Ball
3-1: Base on Balls
Pitching: RHP Tim Schultz
Batting: RHB Devin Lowery 0-0: Called Strike
0-1: Ball
1-1: Ball
2-1: Foul Ball, location: 2F
2-2: Ball
3-2: Fly out, F7 (Flyball, 7D, EV 90.6 MPH)
Batting: RHB Micah McErlean 0-0: Reached on error, E5 (Groundball, 5, EV 77.5 MPH)
Juan Flores to second
Batting: RHB Ryan Johnston 0-0: Foul Ball, location: 2F
0-1: Ball
1-1: Swinging Strike
1-2: Ball
Wild Pitch!
Juan Flores to third
Micah McErlean to second
2-2: Ball
3-2: Strikes out looking
Top of the 5th over - 1 run, 1 hit, 1 error, 2 left on base; Augusta 5 - Hagerstown 1
BOTTOM OF THE 5TH
Hagerstown Suns batting - Pitching for Augusta GreenJackets : RHP Josh Harriston
Batting: RHB Scott Skoglund 0-0: Swinging Strike
0-1: Fly out, F6 (Flyball, 56D, EV 85.0 MPH)
Batting: RHB Marcus Dawson 0-0: Ball
1-0: Ball
2-0: Ground out 6-3 (Groundball, P, EV 84.4 MPH)
Batting: LHB Chance McWilliams 0-0: Ball
1-0: Ball
2-0: Ball
3-0: Base on Balls
Batting: RHB Jim Miske 0-0: Foul Ball, location: 2F
0-1: Ball
1-1: Swinging Strike
1-2: Ball
2-2: Foul Ball, location: 2F
2-2: SINGLE (Groundball, 6MD, EV 103.8 MPH)
Chance McWilliams to second
Runner from 2nd tries for 3rd, OUT after rundown.
Bottom of the 5th over - 0 runs, 1 hit, 0 errors, 1 left on base; Augusta 5 - Hagerstown 1
TOP OF THE 6TH
Augusta GreenJackets batting - Pitching for Hagerstown Suns : RHP Tim Schultz
Batting: LHB J.P. Olson 0-0: Foul Ball, location: 2F
0-1: Swinging Strike
0-2: Strikes out looking
Batting: RHB Adam Solesbee 0-0: Foul Ball, location: 2F
0-1: Ball
1-1: Called Strike
1-2: Foul Ball, location: 2F
1-2: Foul Ball, location: 2F
1-2: Ball
2-2: Ball
3-2: Foul Ball, location: 2F
3-2: DOUBLE (Flyball, 8LXD, EV 103.1 MPH)
Batting: LHB Jared Paige 0-0: Called Strike
0-1: Called Strike
0-2: Strikes out looking
Batting: RHB Davey Beeson 0-0: Ball
1-0: SINGLE (Flyball, 3D, EV 96.9 MPH)
Adam Solesbee to third
Batting: LHB Gil Caraveo 0-0: Ball
1-0: Swinging Strike
1-1: Ball
2-1: SINGLE (Groundball, 4MD, EV 108.8 MPH)
Adam Solesbee scores
Davey Beeson to second
Runner from 2nd tries for 3rd, SAFE, throw by CF made to third
Batting: RHB Juan Flores 0-0: Ball
1-0: Foul Ball, location: 2F
1-1: Swinging Strike
1-2: Strikes out swinging
Top of the 6th over - 1 run, 3 hits, 0 errors, 2 left on base; Augusta 6 - Hagerstown 1
BOTTOM OF THE 6TH
Hagerstown Suns batting - Pitching for Augusta GreenJackets : RHP Josh Harriston
Batting: RHB Slavik Nebrodov 0-0: Called Strike
0-1: Fly out, F8 (Line Drive, 8RD, EV 92.5 MPH)
Batting: LHB Elias Posada 0-0: Fly out, F5 (Popup, 5S, EV 85.0 MPH)
Batting: RHB Naofumi Ishida 0-0: Ball
1-0: Called Strike
1-1: Ball
2-1: Foul Ball, location: 2F
2-2: Hit by Pitch
Pitching: RHP Peter Ellis
Batting: LHB Adam Jacobs 0-0: Foul Ball, location: 2F
0-1: Reached on error, E6 (Groundball, 6, EV 84.4 MPH)
Naofumi Ishida to second
Batting: SHB Alex Medina 0-0: Ball
1-0: Ball
2-0: Fly out, F8 (Flyball, 8LS, EV 91.2 MPH)
Bottom of the 6th over - 0 runs, 0 hits, 1 error, 2 left on base; Augusta 6 - Hagerstown 1
TOP OF THE 7TH
Augusta GreenJackets batting - Pitching for Hagerstown Suns : RHP Tim Schultz
Pitching: RHP Gilberto Ricalde
Batting: RHB Devin Lowery 0-0: Called Strike
0-1: Foul Ball, location: 2F
0-2: Ball
1-2: Ball
2-2: Foul Ball, location: 2F
2-2: Foul Ball, location: 2F
2-2: SINGLE (Groundball, 5L, EV 89.4 MPH) (infield hit)
Batting: RHB Micah McErlean 0-0: Ball
Wild Pitch!
Devin Lowery to second
1-0: Ball
2-0: Called Strike
2-1: Ball
3-1: Reached on error, E6 (Groundball, 6, EV 80.6 MPH)
Devin Lowery scores
Batting: RHB Ryan Johnston 0-0: Ball
1-0: Ground out U3 (Groundball, 34, EV 89.4 MPH)
Micah McErlean to third
Batting: LHB J.P. Olson 0-0: Ball
1-0: Ball
2-0: Called Strike
2-1: Foul Ball, location: 2F
2-2: Strikes out swinging
Batting: RHB Adam Solesbee 0-0: Ball
1-0: Ball
2-0: Foul Ball, location: 2F
2-1: Ball
3-1: Ground out 6-3 (Groundball, 6, EV 83.8 MPH)
Top of the 7th over - 1 run, 1 hit, 1 error, 1 left on base; Augusta 7 - Hagerstown 1
BOTTOM OF THE 7TH
Hagerstown Suns batting - Pitching for Augusta GreenJackets : RHP Peter Ellis
Batting: RHB Scott Skoglund 0-0: Ball
1-0: Ball
2-0: Ball
3-0: Called Strike
3-1: Ground out 6-3 (Groundball, 6M, EV 105.6 MPH)
Batting: RHB Marcus Dawson 0-0: Called Strike
0-1: Ground out U3 (Groundball, 3, EV 110.6 MPH)
Batting: LHB Chance McWilliams 0-0: Called Strike
0-1: Ball
1-1: Ball
2-1: SINGLE (Flyball, 8RS, EV 96.2 MPH)
Batting: RHB Jim Miske 0-0: Ball
1-0: Called Strike
1-1: Ball
2-1: Foul Ball, location: 2F
2-2: Foul Ball, location: 2F
2-2: 2-RUN HOME RUN (Flyball, 89XD, EV 98.8 MPH), Distance : 408 ft
Batting: RHB Slavik Nebrodov 0-0: Ball
1-0: Foul Ball, location: 2F
1-1: Ball
2-1: Ball
3-1: Base on Balls
Batting: LHB Elias Posada 0-0: Called Strike
0-1: Foul Ball, location: 2F
0-2: Ball
1-2: SINGLE (Groundball, 4MD, EV 106.9 MPH)
Slavik Nebrodov to second
Runner from 2nd tries for 3rd, SAFE, throw by CF made to third
Batting: RHB Naofumi Ishida 0-0: Called Strike
0-1: Swinging Strike
0-2: Strikes out swinging
Bottom of the 7th over - 2 runs, 3 hits, 0 errors, 2 left on base; Augusta 7 - Hagerstown 3
TOP OF THE 8TH
Augusta GreenJackets batting - Pitching for Hagerstown Suns : RHP Gilberto Ricalde
Pitching: RHP Brent Wainwright
Batting: LHB Jared Paige 0-0: Called Strike
0-1: Foul Ball, location: 2F
0-2: Foul Ball, location: 2F
0-2: Ball
1-2: Strikes out swinging, 2-3 out at first.
Batting: RHB Davey Beeson 0-0: Ball
1-0: Foul Ball, location: 2F
1-1: Called Strike
1-2: Ball
2-2: Ball
3-2: Base on Balls
Batting: LHB Gil Caraveo 0-0: Foul Ball, location: 2F
0-1: Ball
1-1: Ball
2-1: Foul Ball, location: 2F
2-2: Foul Ball, location: 2F
2-2: SINGLE (Groundball, 13S, EV 72.5 MPH) (infield hit)
Davey Beeson to second
Batting: RHB Juan Flores 0-0: Ball
1-0: Ball
2-0: Foul Ball, location: 2F
2-1: Foul Ball, location: 2F
2-2: Strikes out swinging
Batting: RHB Devin Lowery 0-0: Ball
1-0: Fly out, F8 (Line Drive, 8LM, EV 87.5 MPH)
Top of the 8th over - 0 runs, 1 hit, 0 errors, 2 left on base; Augusta 7 - Hagerstown 3
BOTTOM OF THE 8TH
Hagerstown Suns batting - Pitching for Augusta GreenJackets : RHP Peter Ellis
Pitching: RHP Brian Yinger
Batting: LHB Adam Jacobs 0-0: Ball
1-0: Called Strike
1-1: Fly out, F7 (Line Drive, 7, EV 93.8 MPH)
Batting: SHB Alex Medina 0-0: Ball
1-0: Swinging Strike
1-1: Foul Ball, location: 2F
1-2: Ball
2-2: Foul Ball, location: 2F
2-2: SINGLE (Groundball, 6MD, EV 101.2 MPH)
Batting: RHB Scott Skoglund 0-0: Foul Ball, location: 2F
0-1: Fielders Choice at 2nd, 5-4 (Groundball, 56, EV 88.8 MPH)
Batting: RHB Marcus Dawson 0-0: Ball
1-0: Ball
2-0: Called Strike
2-1: Swinging Strike
2-2: Strikes out swinging
Bottom of the 8th over - 0 runs, 1 hit, 0 errors, 1 left on base; Augusta 7 - Hagerstown 3
TOP OF THE 9TH
Augusta GreenJackets batting - Pitching for Hagerstown Suns : RHP Brent Wainwright
Pitching: RHP Chris Doty
Batting: RHB Micah McErlean 0-0: Ball
1-0: Foul Ball, location: 2F
1-1: Ball
2-1: Foul Ball, location: 2F
2-2: Foul Ball, location: 2F
2-2: SINGLE (Groundball, 25, EV 63.8 MPH) (infield hit)
Batting: RHB Ryan Johnston 0-0: Sac Bunt to 3S - play at first, batter OUT! 3-4
Micah McErlean to second
Batting: LHB J.P. Olson 0-0: Called Strike
0-1: Swinging Strike
0-2: Foul Ball, location: 2F
0-2: Strikes out swinging
Batting: RHB Adam Solesbee 0-0: Called Strike
0-1: Foul Ball, location: 2F
0-2: Strikes out looking
Top of the 9th over - 0 runs, 1 hit, 0 errors, 1 left on base; Augusta 7 - Hagerstown 3
BOTTOM OF THE 9TH
Hagerstown Suns batting - Pitching for Augusta GreenJackets : RHP Brian Yinger
Pitching: RHP Lorenzo Merjil
Batting: LHB Chance McWilliams 0-0: DOUBLE (Line Drive, 78D, EV 111.2 MPH)
Batting: RHB Jim Miske 0-0: Ball
1-0: Fly out, F9 (Flyball, 9, EV 86.9 MPH)
Batting: RHB Slavik Nebrodov 0-0: Ball
1-0: Ball
2-0: Called Strike
2-1: Ball
3-1: 2-RUN HOME RUN (Flyball, 7LD, EV 88.8 MPH), Distance : 341 ft
Pitching: RHP Damian Molina
Batting: LHB Elias Posada 0-0: Ball
1-0: Foul Ball, location: 2F
1-1: Fly out, F7 (Flyball, 7, EV 97.5 MPH)
Batting: RHB Naofumi Ishida 0-0: Ground out 5-3 (Groundball, 5, EV 97.5 MPH)
Bottom of the 9th over - 2 runs, 2 hits, 0 errors, 0 left on base; Augusta 7 - Hagerstown 5
Wednesday, June 22nd , 2022 - OOTP Baseball 23.4 Build 64